 Dungeon Crawl Stone Soup version 0.32-a0-427-g448f42529f (webtiles) character file.

Game seed: 13192284762108446641

17105 Kenran the Carver (level 12, 0/94 HPs)
             Began as a Coglin Gladiator on Feb 22, 2024.
             Was a High Priest of Trog.
             Slain by an eight-headed hydra (7 damage)
             ... on level 3 of the Lair of Beasts.
             The game lasted 00:20:46 (11689 turns).

Kenran the Carver (Coglin Gladiator)               Turns: 11689, Time: 00:20:46

Health: 0/94       AC: 11    Str: 16    XL:     12   Next: 44%
Magic:  12/12      EV: 21    Int:  4    God:    Trog [*****.]
Gold:   603        SH:  5    Dex: 31    Spells: 11/11 levels left

rFire   . . .        M - +0 scimitar {Matsuko}
rCold   + . .        q - +5 falchion of Evolution {venom, rC+ Int-3 Dex+5 SInv}
rNeg    . . .        r - +0 ring mail
rPois   .            c - +0 helmet
rElec   .            H - scarf {repulsion}
rCorr   .            D - +2 pair of gloves
SInv    +            s - +0 pair of boots
Will    .....        n - amulet of reflection
Stlth   ++           v - +6 ring of dexterity
HPRegen 0.35/turn    m - +4 ring of slaying
MPRegen 0.13/turn

%: repel missiles, reflection
@: no status effects
A: off-hand wielding, slow wielding, warmup strikes, legs shutdown
a: Renounce Religion, Berserk, Trog's Hand, Brothers in Arms


You were on level 3 of the Lair of Beasts.
You worshipped Trog.
Trog was extremely pleased with you.
You visited 3 branches of the dungeon, and saw 14 of its levels.
You also visited: Sewer and Bailey.

You collected 700 gold pieces.
You spent 97 gold pieces at shops.

Inventory:

Hand Weapons
 q - the +5 falchion of Evolution (offhand) {venom, rC+ Int-3 Dex+5 SInv}
   (You found it on level 4 of the Dungeon)

   Int-3:     It affects your intelligence (-3).
   Dex+5:     It affects your dexterity (+5).
   rC+:       It protects you from cold.
   SInv:      It lets you see invisible.
 M - a +0 scimitar (weapon) {Matsuko}
Missiles
 d - 4 throwing nets (quivered)
 e - a javelin
Armour
 c - a +0 helmet (worn)
 r - a +0 ring mail (worn)
 s - a +0 pair of boots (worn)
 D - a +2 pair of gloves (worn)
 H - a scarf of repulsion (worn)
Jewellery
 g - a ring of protection from cold
 m - a +4 ring of slaying (right grasper)
 n - an amulet of reflection (around neck)
 v - a +6 ring of dexterity (left grasper)
Wands
 o - a wand of charming (12)
 F - a wand of polymorph (4)
 N - a wand of mindburst (7)
 P - a wand of flame (22)
 S - a wand of acid (1)
Scrolls
 h - 6 scrolls of teleportation
 i - a scroll of fog
 j - 3 scrolls of enchant weapon
 k - a scroll of vulnerability {!r}
 l - 3 scrolls of immolation {!r}
 w - a scroll of enchant armour
 x - 2 scrolls of brand weapon
 y - a scroll of poison {!r}
 G - a scroll of fear
 I - a scroll of revelation {unknown}
 L - 2 scrolls of butterflies
 O - 2 scrolls of silence {unknown}
 Q - a scroll of blinking
Potions
 b - 6 potions of haste {unknown}
 f - 6 potions of curing {@q1}
 p - 2 potions of brilliance {unknown}
 t - 3 potions of berserk rage {unknown}
 u - 4 potions of might {unknown}
 z - 3 potions of attraction {unknown}
 A - 4 potions of enlightenment
 B - 3 potions of heal wounds {@q2}
 C - 2 potions of magic {unknown}
 E - 4 potions of mutation {unknown}
 J - a potion of lignification {unknown}
 K - a potion of invisibility {unknown}
 R - 2 potions of degeneration {unknown}


   Skills:
 + Level 8.3 Fighting
 - Level 14.0 Long Blades
 - Level 1.7 Throwing
 - Level 5.0 Armour
 - Level 10.0 Dodging
 - Level 5.0 Evocations


You had 11 spell levels left.
You didn't know any spells.
Your spell library contained the following spells:

 Spells                   Type           Power      Damage    Failure   Level
 Blink                    Tloc           0%         N/A       83%         2
 Lesser Beckoning         Tloc           0%         N/A       83%         2
 Momentum Strike          Conj/Tloc      0%         3d8       83%         2
 Hailstorm                Conj/Ice       0%         3d5       97%         3
 Summon Ice Beast         Ice/Summ       0%         N/A       97%         3
 Sculpt Simulacrum        Ice/Alch       0%         N/A       100%        6


Dungeon Overview and Level Annotations

Branches:
Dungeon (10/15)            Temple (1/1) D:5            Lair (3/5) D:10
 Shoals (0/4) Lair:2        Snake (0/4) Lair:2          Orc (0/2) D:9
  Sewer (visited)          Bailey (visited)

Altars:
Ashenzari
Cheibriados
Dithmenos
Elyvilon
Fedhas
Gozag
Hepliaklqana
Kikubaaqudgha
Makhleb
Nemelex Xobeh
Okawaru
Qazlal
Ru
Sif Muna
Trog
Uskayaw
Vehumet
Wu Jian
Xom
Yredelemnul
Zin
The Shining One

Shops:
D:5 *[=

Annotations:
D:10 2 transporters, voshxx's ghost, journeyman MDFE


Innate Abilities, Weirdness & Mutations

You can wield a second weapon in your off-hand.
It takes a long time for you to wield or remove held weapons.
Your first few attacks do less damage.
Attacking and casting redirects power from your legs.


Message History

The eight-headed hydra barely misses you.
The eight-headed hydra bites you.
The eight-headed hydra bites you but does no damage.
You block the eight-headed hydra's attack.
The eight-headed hydra bites you but does no damage.
Aiming: Corrosive Bolt
Press: ? - help, Shift-Dir - straight line, f/p - eight-headed hydra
Aim: an eight-headed hydra (lightly wounded, covered in acid, 91% to hit)
The bolt of acid hits the eight-headed hydra!
The eight-headed hydra seems to be corroded for longer.
The eight-headed hydra is heavily wounded.
The eight-headed hydra bites you!
The eight-headed hydra barely misses you. x2
You block the eight-headed hydra's attack.
The eight-headed hydra bites you.
The eight-headed hydra barely misses you.
The eight-headed hydra bites you! The eight-headed hydra bites you.
Aiming: Corrosive Bolt
Press: ? - help, Shift-Dir - straight line, f/p - eight-headed hydra
Aim: an eight-headed hydra (heavily wounded, covered in acid, 91% to hit)
The bolt of acid hits the eight-headed hydra!
The eight-headed hydra seems to be corroded for longer.
The eight-headed hydra is severely wounded.
The eight-headed hydra barely misses you.
The eight-headed hydra misses you.
The eight-headed hydra barely misses you. x2
The eight-headed hydra bites you. x2
* * * LOW HITPOINT WARNING * * *
The eight-headed hydra bites you!
* * * LOW HITPOINT WARNING * * *
The eight-headed hydra misses you.
Aiming: Corrosive Bolt
Press: ? - help, Shift-Dir - straight line, f/p - eight-headed hydra
Aim: an eight-headed hydra (severely wounded, covered in acid, 91% to hit)
The bolt of acid hits the eight-headed hydra!!
The eight-headed hydra is almost dead.
The eight-headed hydra bites you!
* * * LOW HITPOINT WARNING * * *
The eight-headed hydra bites you!
You die...

....# #...## #....
#..###### ######...##P.#
# ..........P..###### ...
..............#.~~#.....
................@D~...<#
#....##.##.....~~~~≈~.~.
###..#######..~~≈≈≈≈≈~~.
#..#### ##.~≈≈≈≈≈≈≈~..
##..##.# #P~≈≈≈~~~≈≈~..
##......# ##~~≈≈.>.≈≈~.#
........####P~~≈~..~~≈~..
.........P###.~≈~~≈~~~~..
...........##.~~~≈~~~~..#


You could see an eight-headed hydra (corroded).

Vanquished Creatures
  A hydra (Lair:3)
  A catoblepas (Lair:1)
  A two-headed ogre (D:10)
  An orc knight (Bailey)
  A black mamba (Lair:3)
  3 cane toads
  A rime drake (Lair:1)
  6 komodo dragons
  A troll (D:10)
  A hornet (D:9)
  2 centaur simulacra (D:10)
  5 wyverns
  A wraith (D:8)
  2 basilisks (Lair:1)
  15 yaks
  An unseen horror simulacrum (D:10)
  2 steam dragons
  Grum (D:8)
  An acid dragon (D:9)
  3 nagas (Lair:2)
  6 water moccasins
  4 sky beasts
  9 orc warriors
  2 black bears
  An ice beast (D:5)
  2 centaurs
  17 wolves
  2 phantoms
  A gnoll sergeant (D:9)
  3 kobold brigands
  10 bullfrogs
  A scorpion (D:5)
  10 killer bees
  A howler monkey (D:8)
  A bombardier beetle (D:5)
  3 jellies
  5 orc priests
  3 hounds
  2 gnoll boudas
  A sleepcap (D:7)
  14 orc wizards
  4 iguanas
  9 adders
  24 gnolls
  A shadow imp (D:6)
  4 white imps (D:10)
  4 ufetubi
  A dart slug (D:4)
  3 ribbon worms
  46 orcs
  9 endoplasms
  5 giant cockroaches
  19 goblins
  25 hobgoblins
  2 jackals (Sewer)
  8 ball pythons
  5 bats
  2 frilled lizards (D:3)
  17 kobolds
  11 rats
347 creatures vanquished.

Notes
Turn   | Place    | Note
-------+----------+-------------------------------------------
     0 | D:1      | Kenran the Coglin Gladiator began the quest for the Orb.
     0 | D:1      | Reached XP level 1. HP: 16/16 MP: 1/1
   169 | D:1      | Reached XP level 2. HP: 22/22 MP: 2/2
   229 | D:1      | Reached skill level 4 in Long Blades
   242 | D:1      | Reached XP level 3. HP: 22/27 MP: 3/3
   914 | D:2      | Reached XP level 4. HP: 33/33 MP: 4/4
   929 | D:2      | Reached skill level 5 in Long Blades
  1231 | D:2      | Reached XP level 5. HP: 38/38 MP: 5/5
  1503 | D:3      | Noticed a sky beast
  1517 | D:3      | Killed a sky beast
  1518 | D:3      | Reached skill level 6 in Long Blades
  1518 | D:3      | Reached XP level 6. HP: 32/44 MP: 6/6
  1669 | D:3      | Found a shimmering altar of Xom.
  1676 | D:3      | Found a glowing silver altar of Zin.
  1682 | D:3      | Found an opulent altar of Gozag.
  1815 | D:3      | Found a snail-covered altar of Cheibriados.
  2208 | D:4      | Reached skill level 7 in Long Blades
  2299 | D:4      | Reached XP level 7. HP: 38/50 MP: 7/7
  2357 | D:4      | Reached skill level 8 in Long Blades
  2378 | D:4      | Identified the +5 falchion of Evolution {venom, rC+ Int-3
                  | Dex+5 SInv}
  2564 | D:5      | Entered Level 5 of the Dungeon
  2731 | D:5      | Found a glowing drain.
  2738 | Sewer    | Entered a sewer
  2837 | Sewer    | Found a white marble altar of Elyvilon.
  2968 | D:5      | Found an ornate altar of the Wu Jian Council.
  3111 | D:5      | Reached skill level 9 in Long Blades
  3483 | D:5      | Reached XP level 8. HP: 54/56 MP: 8/8
  3486 | D:5      | Found a staircase to the Ecumenical Temple.
  3492 | Temple   | Entered the Ecumenical Temple
  3502 | Temple   | Became a worshipper of Trog the Wrathful
  3561 | D:5      | Found Tyhasoom's Assorted Antiques.
  3561 | D:5      | Found Pihim's Armour Shop.
  3563 | D:5      | Found Etoppu Ugia's Jewellery Shop.
  3807 | D:5      | Bought a scroll labelled NESTUN KINU for 35 gold pieces
  3807 | D:5      | Bought a ruby potion for 31 gold pieces
  3807 | D:5      | Bought a bubbling yellow potion for 31 gold pieces
  3938 | D:6      | Reached skill level 10 in Long Blades
  4214 | D:6      | Found a hazy altar of Hepliaklqana.
  4251 | D:6      | Reached skill level 1 in Evocations
  4381 | D:6      | Found a sacrificial altar of Ru.
  4453 | D:6      | Found a shadowy altar of Dithmenos.
  4784 | D:6      | Found an iron altar of Okawaru.
  5026 | D:7      | Reached * piety under Trog
  5138 | D:7      | Reached skill level 5 in Evocations
  5142 | D:7      | Reached XP level 9. HP: 60/61 MP: 9/9
  5144 | D:7      | Reached skill level 5 in Dodging
  6362 | D:8      | Found a flagged portal.
  6378 | Bailey   | Entered a bailey
  6440 | Bailey   | Reached ** piety under Trog
  6466 | Bailey   | Noticed an orc knight
  6480 | Bailey   | Killed an orc knight
  6481 | Bailey   | Reached skill level 5 in Fighting
  6481 | Bailey   | Reached skill level 11 in Long Blades
  6481 | Bailey   | Reached XP level 10. HP: 75/75 MP: 10/10
  6672 | Bailey   | Noticed an orc warlord
  6751 | D:8      | Noticed Grum
  6771 | D:8      | Killed Grum
  6931 | D:8      | Reached skill level 12 in Long Blades
  6951 | D:8      | Reached skill level 1 in Armour
  7500 | D:9      | Paralysed by a hornet for 2 turns
  7734 | D:9      | Reached *** piety under Trog
  7999 | D:9      | Found a staircase to the Orcish Mines.
  8256 | D:10     | Entered Level 10 of the Dungeon
  8575 | D:10     | Found a staircase to the Lair.
  8587 | D:10     | Found a basalt altar of Yredelemnul.
  8621 | D:10     | Reached XP level 11. HP: 81/81 MP: 11/11
  8666 | D:10     | Reached **** piety under Trog
  8685 | D:10     | Noticed a two-headed ogre
  8689 | D:10     | Killed a two-headed ogre
  8756 | D:10     | Noticed a cyclops
  8756 | D:10     | Noticed a centaur warrior
  8757 | D:10     | Noticed a two-headed ogre
  8759 | D:10     | Noticed a six-headed hydra
  8759 | D:10     | Noticed voshxx's ghost (journeyman MDFE)
  8906 | D:10     | Found a transporter.
  8917 | D:10     | Found a transporter.
  9032 | D:10     | Found an ancient bone altar of Kikubaaqudgha.
  9074 | D:10     | Found a broken altar of Ashenzari.
  9124 | D:10     | Found a sparkling altar of Nemelex Xobeh.
  9290 | Lair:1   | Entered Level 1 of the Lair of Beasts
  9308 | Lair:1   | Reached skill level 13 in Long Blades
  9618 | Lair:1   | Reached skill level 5 in Armour
 10383 | Lair:2   | Noticed a catoblepas
 10492 | Lair:1   | Killed a catoblepas
 10576 | Lair:2   | Reached skill level 14 in Long Blades
 10576 | Lair:2   | Reached XP level 12. HP: 88/88 MP: 12/12
 10637 | Lair:2   | Reached ***** piety under Trog
 10646 | Lair:2   | Reached skill level 10 in Dodging
 10804 | Lair:2   | Found a staircase to the Shoals.
 11103 | Lair:2   | Found a staircase to the Snake Pit.
 11493 | Lair:3   | Noticed a four-headed hydra
 11502 | Lair:3   | Killed a four-headed hydra
 11682 | Lair:3   | Noticed an eight-headed hydra
 11689 | Lair:3   | Slain by an eight-headed hydra

Illustrated notes

Levels and vault maps discovered:
D:1:      dpeg_chamrin_arrival_tetris, layout_basic, minmay_misc_feat_alley
D:2:      layout_rooms, serial_forest, infiniplex_forest_corner_2,
          infiniplex_forest_lined_3_way, infiniplex_forest_lined_4_way,
          infiniplex_forest_end_double, infiniplex_forest_corner_1,
          infiniplex_forest_lined_room_, infiniplex_forest_clump_double,
          infiniplex_forest_clump_diagonal, grunt_ministairs_15
D:3:      layout_rooms, cheibriados_altar_1, minmay_overflow_temple_star_quad
D:4:      layout_basic
D:5:      layout_basic, nicolae_wu_jian_immortal_techniques,
          minmay_temple_entry_drinking_statues,
          mainiacjoe_sewer_entry_somewhere_in_here_1,
          nicolae_shop_distant_corner_stores
D:6:      layout_loops_corners, mainiacjoe_overflow_cross_hatched,
          old_standard_altar, general_overflow_altar,
          nicolae_hepliaklqana_hazy_memory
D:7:      layout_basic, grunt_ministairs_9, minmay_misc_feat_diagonals,
          kennysheep_cluttered_room
D:8:      layout_loops_ring, enter_bailey_4, hex_medium, uniq_grum
D:9:      layout_basic, orc_0_dummy, serial_bayou_pond_c
D:10:     layout_layer_cave, nicolae_overflow_quartered_altars,
          erik_lair_orcish_takeover, gammafunk_ghost_arena, serial_ice,
          serial_ice_b, serial_ice_a, serial_ice_k, serial_ice_h, serial_ice_f,
          serial_ice_n, serial_ice_d, serial_ice_c, chequers_mini_garden
Temple:   dpeg_three_leaves_temple
Lair:1:   layout_cave_pods, minivault_23, st_stairs_12
Lair:2:   layout_roguey, shoals_dummy_entry, nicolae_snake_entry_squirm,
          beast_lair_carwin_1, grunt_megastairs_2
Lair:3:   layout_concentric_octagons, infiniplex_staircase_pool_2

Skill      XL: |  1  2  3  4  5  6  7  8  9 10 11 12 |
---------------+-------------------------------------+-----
Long Blades    | 4 5 6 7 9 10 11 12 14 | 14.0
Evocations     | 5 |  5.0
Dodging        | 4 6 7 9 10 | 10.0
Fighting       | 5 6 8 |  8.3
Armour         | 3 5 |  5.0
Throwing       | |  1.7

Action                     |  1- 3 |  4- 6 |  7- 9 | 10-12 || total
---------------------------+-------+-------+-------+-------++-------
  Melee: Long sword        |    78 |    68 |   218 |   239 ||   603
         Dagger            |     1 |    63 |   136 |       ||   200
         Falchion          |       |       |    52 |   275 ||   327
         Scimitar          |       |       |       |    29 ||    29
 Invoke: Berserk           |       |       |     1 |       ||     1
  Evoke: Wand              |       |       |       |    11 ||    11
    Use: Scroll            |       |     2 |     5 |     5 ||    12
   Stab: Sleeping          |     2 |     1 |       |     2 ||     5
         Distracted        |       |       |       |     1 ||     1
 Armour: Leather armour    |    46 |     7 |       |       ||    53
         Ring mail         |       |    33 |   121 |   143 ||   297
  Dodge: Dodged            |    60 |    40 |   103 |   209 ||   412
         Repelled          |       |       |       |     6 ||     6
  Block: Other             |       |       |     7 |    51 ||    58

Table legend: (Time is in decaauts)
 A = Elapsed time spent in this place.
 B = Non-inter-level travel time spent in this place.
 C = Inter-level travel time spent in this place.
 D = Time resting spent in this place.
 E = Time spent auto-exploring this place.
 F = Levels seen in this place.
 G = Mean time per level.
                   A        B        C        D        E       F      G
               +--------+--------+--------+--------+--------+-----+--------+
         Total |  11613 |  10605 |   1008 |   1258 |   6902 |  16 |  725.8 |
       Dungeon |   8734 |   7817 |    917 |    714 |   5321 |  10 |  873.4 |
        Temple |     20 |      2 |     18 |      0 |      0 |   1 |   20.0 |
          Lair |   2354 |   2281 |     73 |    460 |   1421 |   3 |  784.7 |
         Sewer |    165 |    165 |      0 |      0 |    114 |   1 |  165.0 |
        Bailey |    337 |    337 |      0 |     84 |     46 |   1 |  337.0 |
               +--------+--------+--------+--------+--------+-----+--------+

Top non-repeatable levels by time:
     D:5: 1256 daAuts
  Lair:1: 1211 daAuts
     D:6: 1035 daAuts
    D:10: 1012 daAuts
     D:9: 938 daAuts
     D:8: 882 daAuts
     D:7: 859 daAuts
     D:1: 784 daAuts
     D:4: 766 daAuts
  Lair:2: 670 daAuts
     D:2: 647 daAuts
     D:3: 552 daAuts
  Lair:3: 472 daAuts
  Bailey: 337 daAuts
   Sewer: 165 daAuts
